 Dungeon Crawl Stone Soup version 0.21.1-1-g345015fe64 (webtiles) character file.

131 Ivernyr the Shield-Bearer (level 5, -1/42 HPs)
             Began as a Human Fighter on Apr 18, 2018.
             Slain by a hobgoblin
             ... wielding a +0 club
              (2 damage)
             ... on level 3 of the Dungeon.
             The game lasted 00:06:14 (2693 turns).

Ivernyr the Shield-Bearer (Human Fighter)           Turns: 2693, Time: 00:06:16

Health: -1/42      AC:  6    Str: 16    XL:     5   Next: 37%
Magic:  5/5        EV:  7    Int:  8    God:
Gold:   172        SH:  9    Dex: 14    Spells: 4/4 levels left

rFire    . . .     SeeInvis .   a - +0 long sword
rCold    . . .     Gourm    .   c - +0 shield
rNeg     . . .     Faith    .   b - +0 scale mail
rPois    .         Spirit   .   (no helmet)
rElec    .         Reflect  .   (no cloak)
rCorr    .         Harm     .   (no gloves)
MR       .....                  (no boots)
Stlth    ..........             (no amulet)
HPRegen  0.14/turn              (no ring)
MPRegen  0.09/turn              (no ring)

@: drained
A: no striking features
a: no special abilities


You were on level 3 of the Dungeon.
You were not hungry.

You visited 1 branch of the dungeon, and saw 3 of its levels.

You collected 172 gold pieces.

Inventory:

Hand Weapons
 a - a +0 long sword (weapon)
Armour
 b - a +0 scale mail (worn)
 c - a +0 shield (worn)
Scrolls
 e - a scroll of magic mapping {unknown}
 g - 3 scrolls of identify {unknown}
 h - 4 scrolls of remove curse {unknown}
 i - a scroll of fog {unknown}
 k - 2 scrolls of amnesia {unknown}
Potions
 d - a potion of might
 j - a potion of haste {unknown}
 l - a potion of cancellation {unknown}
Comestibles
 f - 5 rations


   Skills:
 + Level 3.6 Fighting
 + Level 2.8 Long Blades
 + Level 3.6 Armour
 * Level 4.2 Shields


You had 4 spell levels left.
You didn't know any spells.

Dungeon Overview and Level Annotations

Branches:
Dungeon (3/15)

Altars:
Makhleb


Message History

The tarantella changes into a shapeshifter!
The now-empty wand crumbles to dust.
The shapeshifter changes into a spriggan!
The spriggan changes into a yaktaur!
There is a stone staircase leading up here.
There is a stone staircase leading up here.
You slash the yaktaur!
The yaktaur is moderately wounded.
The yaktaur hits you.
Your shield prevents you from hitting the yaktaur.
The yaktaur is moderately wounded.
The yaktaur hits you but does no damage.
You hit the yaktaur.
The yaktaur is moderately wounded.
The yaktaur barely misses you. The hobgoblin hits you with a club.
* * * LOW HITPOINT WARNING * * *
The yaktaur hits you!
* * * LOW HITPOINT WARNING * * *
The hobgoblin hits you with a club.
You die...

.............## ##.....##
#.##.# #####.#.......#
##...## #.#...
#............# #...#
#.#)). #.##.#.......#
#...# #.#..# # #.##.....##
#...# #.#..# .
##....#######...#####.....
##
#.....)...............#..#
#.....)...g...............
#.##.##..@c...........##..
#.#..##.#####...#####.##.#
#.#.###.# #...# #..... #.
#.# #...# ####.# .. ..#
#...# ##.# ## #.. ....#
##... #.# ###.## ##.#.#
### #.g... ########..###


You could see a yaktaur shaped shifter and a hobgoblin.

Vanquished Creatures
  A crimson imp (D:2)
  3 adders (D:2)
  2 worms
  2 dart slugs (D:1)
  5 leopard geckos
  3 orcs (D:3)
  3 giant cockroaches
  11 hobgoblins
  4 jackals (D:3)
  5 kobolds
  4 bats
  A frilled lizard (D:1)
  A goblin (D:1)
  7 rats
52 creatures vanquished.

Notes
Turn   | Place    | Note
-------+----------+-------------------------------------------
     0 | D:1      | Ivernyr the Human Fighter began the quest for the Orb.
     0 | D:1      | Reached XP level 1. HP: 18/18 MP: 1/1
    92 | D:1      | Reached XP level 2. HP: 19/24 MP: 2/2
   404 | D:1      | Reached XP level 3. HP: 29/29 MP: 3/3
  1148 | D:2      | Reached XP level 4. HP: 34/35 MP: 4/4
  2091 | D:2      | Found a burning altar of Makhleb.
  2162 | D:2      | Reached skill level 4 in Shields
  2162 | D:2      | Reached XP level 5. HP: 27/41 MP: 5/5
  2616 | D:3      | Noticed an ogre
  2640 | D:3      | Noticed an acid dragon
  2640 | D:3      | an ogre changed into an acid dragon
  2641 | D:3      | Noticed a boggart
  2641 | D:3      | an acid dragon changed into a boggart
  2642 | D:3      | Noticed a wyvern
  2642 | D:3      | a boggart changed into a wyvern
  2643 | D:3      | Noticed a porcupine
  2643 | D:3      | a wyvern changed into a porcupine
  2660 | D:3      | Noticed a shapeshifter
  2660 | D:3      | a porcupine changed into a shapeshifter
  2661 | D:3      | Noticed a tarantella
  2661 | D:3      | a shapeshifter changed into a tarantella
  2663 | D:3      | Noticed a shapeshifter
  2663 | D:3      | a tarantella changed into a shapeshifter
  2663 | D:3      | Noticed a tarantella
  2663 | D:3      | a shapeshifter changed into a tarantella
  2664 | D:3      | Noticed a shapeshifter
  2664 | D:3      | a tarantella changed into a shapeshifter
  2664 | D:3      | Noticed a spriggan
  2664 | D:3      | a shapeshifter changed into a spriggan
  2669 | D:3      | Noticed a yaktaur
  2669 | D:3      | a spriggan changed into a yaktaur
  2693 | D:3      | HP: 1/42 [yaktaur (shapeshifter) (11)]
  2693 | D:3      | Slain by a hobgoblin

Skill      XL: |  1  2  3  4 |
---------------+-------------+-----
Shields        | 4 |  4.2
Fighting       | |  3.6
Long Blades    | |  2.8
Armour         | |  3.6

Action                   |  1- 3 |  4- 6 || total
-------------------------+-------+-------++-------
Melee: Long sword        |    95 |   134 ||   229
Evoke: Wand              |       |    11 ||    11
  Eat: Chunk             |     1 |     5 ||     6
Armor: Scale mail        |    26 |    59 ||    85
Dodge: Dodged            |    21 |    45 ||    66
Block: Shield            |    54 |    45 ||    99
       Rpst.: Long sword |     7 |    20 ||    27
